 Dungeon Crawl Stone Soup version 0.30.1-3-gfc49f6343a (webtiles) character file.

Game seed: 9043979582339358519

3159 CaptainMV the Protected (level 9, -1/100 HPs)
             Began as a Gnoll Wanderer on July 18, 2023.
             Slain by a vampire mosquito (7 damage)
             ... on level 7 of the Dungeon.
             The game lasted 00:46:39 (4891 turns).

CaptainMV the Protected (Gnoll Wanderer)            Turns: 4891, Time: 00:46:40

Health: -1/100     AC: 28    Str: 17    XL:     9   Next: 94%
Magic:  26/26      EV:  2    Int: 17    God:
Gold:   395        SH:  0    Dex: 14    Spells: 15/19 levels left

rFire   . . .        a - +3 dagger (drain)
rCold   . . .        (no shield)
rNeg    . . .        d - melded +0 chain mail
rPois   +            (helmet currently unavailable)
rElec   .            (cloak currently unavailable)
rCorr   .            (gloves currently unavailable)
SInv    .            s - melded +1 pair of boots
Will    .....        l - amulet of the acrobat
Stlth   +++          w - ring of Vimuplaf {AC+4 Str+3 Int+3 Dex+3}
HPRegen 0.36/turn    e - ring of magical power
MPRegen 0.20/turn

%: acrobat
@: tree-form, acrobatic, invisible
A: stationary, stasis, torment immunity, boosted hp, (fangs 1), strong nose,
distributed training
a: no special abilities


You were on level 7 of the Dungeon.
You were a tree.
You visited 2 branches of the dungeon, and saw 8 of its levels.

You collected 395 gold pieces.

Inventory:

Hand Weapons
 a - a +3 dagger of draining (weapon)
 b - a +6 club
 j - a +0 club
Missiles
 q - 10 poisoned darts (quivered)
 t - 6 boomerangs
 u - a throwing net
Armour
 d - a +0 chain mail (melded)
 f - a +2 robe of willpower
 s - a +1 pair of boots (melded)
Magical Staves
 y - a staff of air
Jewellery
 e - a ring of magical power (right branch)
 l - an amulet of the acrobat (around neck)
 n - a ring of willpower
 w - the ring of Vimuplaf (left branch) {AC+4 Str+3 Int+3 Dex+3}
   (You acquired it on level 4 of the Dungeon)

   [ring of protection]

   AC:        It affects your AC (+4).
   Str:       It affects your strength (+3).
   Int:       It affects your intelligence (+3).
   Dex:       It affects your dexterity (+3).
 B - a ring of protection from cold
Scrolls
 m - a scroll of blinking
 r - 2 scrolls of identify
 v - 2 scrolls of fear
 x - a scroll of noise
 z - 2 scrolls of teleportation
 A - a scroll of fog
 F - 2 scrolls of silence
Potions
 c - 3 potions of attraction
 g - 3 potions of mutation
 h - 4 potions of flight
 i - a potion of brilliance
 p - a potion of lignification
 C - a potion of haste
 D - a potion of resistance


   Skills:
 + Level 4.9 Fighting
 + Level 4.9 Short Blades
 + Level 4.9 Long Blades
 + Level 4.9 Axes
 + Level 4.9 Maces & Flails
 + Level 4.9 Polearms
 + Level 4.9 Staves
 + Level 4.9 Ranged Weapons
 + Level 4.9 Throwing
 + Level 8.3 Armour
 + Level 5.6 Dodging
 + Level 6.5 Stealth
 + Level 4.9 Shields
 + Level 4.9 Unarmed Combat
 + Level 5.7 Spellcasting
 + Level 4.0 Conjurations
 + Level 4.0 Hexes
 + Level 4.0 Summonings
 + Level 4.0 Necromancy
 + Level 4.0 Translocations
 + Level 6.9 Transmutations
 + Level 4.0 Fire Magic
 + Level 4.0 Ice Magic
 + Level 4.0 Air Magic
 + Level 4.0 Earth Magic
 + Level 4.0 Poison Magic
 + Level 5.4 Invocations
 + Level 4.9 Evocations


You had 15 spell levels left.
You knew the following spells:

 Your Spells              Type           Power      Damage    Failure   Level
a - Beastly Appendage     Tmut           56%        N/A       1%          1
b - Spider Form           Tmut/Pois      23%        N/A       4%          3

Your spell library contained the following spells:

 Spells                   Type           Power      Damage    Failure   Level
 Dazzling Flash           Conj/Hex       36%        N/A       8%          3
 Frozen Ramparts          Ice            36%        1d6       8%          3
 Ice Form                 Ice/Tmut       23%        N/A       14%         4
 Summon Ice Beast         Ice/Summ       18%        N/A       24%         4
 Agony                    Necr           18%        N/A       56%         5
 Silence                  Hex/Air        9%         N/A       56%         5


Dungeon Overview and Level Annotations

Branches:
Dungeon (7/15)             Temple (1/1) D:5

Altars:
Ashenzari
Cheibriados
Dithmenos
Fedhas
Hepliaklqana
Kikubaaqudgha
Nemelex Xobeh
Okawaru
Ru
Sif Muna
Uskayaw
Wu Jian
Xom
Yredelemnul
Zin
The Shining One

Shops:
D:2 *


Innate Abilities, Weirdness & Mutations

You are a tree.
Your roots penetrate the ground, keeping you stationary.
You cannot be teleported.
You are immune to unholy pain and torment.
Your maximum health is greatly increased.
Your equipment is partially melded.
((You have very sharp teeth.))
Your uncanny sense of smell can sniff out nearby items.
Your experience applies equally to all skills.


Message History

The vampire mosquito draws strength from your injuries!
The vampire mosquito bites you.
* * * LOW HITPOINT WARNING * * *
The vampire mosquito draws strength from your injuries!
You feel better.
The vampire mosquito bites you but does no damage.
You fade into invisibility!
The vampire mosquito bites you but does no damage. x2
You miss the vampire mosquito.
The vampire mosquito is lightly damaged.
The vampire mosquito bites you but does no damage. x2
You hit the vampire mosquito but do no damage.
The vampire mosquito is lightly damaged.
You cannot move.
You cannot move.
You cannot move.
You cannot move.
You cannot move.
You cannot move.
You cannot move.
The vampire mosquito bites you but does no damage.
The vampire mosquito bites you but does no damage. x2
The vampire mosquito bites you.
* * * LOW HITPOINT WARNING * * *
The vampire mosquito draws strength from your injuries!
The vampire mosquito bites you!
* * * LOW HITPOINT WARNING * * *
The vampire mosquito draws strength from your injuries!
The vampire mosquito bites you but does no damage. x2
The vampire mosquito bites you but does no damage. x2
The vampire mosquito bites you.
* * * LOW HITPOINT WARNING * * *
The vampire mosquito draws strength from your injuries!
The vampire mosquito bites you but does no damage.
The vampire mosquito bites you but does no damage. x2
The vampire mosquito bites you but does no damage. x2
The vampire mosquito barely misses you.
The vampire mosquito bites you but does no damage.
The vampire mosquito bites you!
You die...

..............#........#...#.###
....###########........#...#.###
........# ...........#.........
......#.# #####........#.#.####
......# #......###.#... ......#
## #......# #.##### ......# ..
#......###.[ ......#
#.##........### ......#
#.y♣.#......# ......#
####.#......# ####### #>.......#
########## ∆ .


You could see a vampire mosquito (unable to see you).

Vanquished Creatures
  Grinder (D:3)
  Sigmund (D:6)
  Eustachio (D:6)
  3 vampire mosquitoes (D:7)
  3 water moccasins
  Duvessa (D:5)
  2 black bears
  2 ice beasts (D:5)
  A sky beast (D:7)
  An ogre (D:4)
  A phantom (D:4)
  3 bullfrogs (D:7)
  Blork the orc (D:4)
  A gnoll sergeant (D:5)
  3 scorpions
  Dowan (D:5)
  2 orc priests (D:5)
  6 hounds
  Jessica (D:2)
  An iguana (D:5)
  Ijyb (D:3)
  Terence (D:2)
  An orc wizard (D:5)
  9 gnolls (D:5)
  13 adders
  A shadow imp (D:5)
  3 ufetubi
  3 worms
  4 dart slugs
  12 orcs
  6 bats
  9 endoplasms
  4 giant cockroaches
  9 goblins
  7 hobgoblins
  7 jackals (D:4)
  6 kobolds
  2 quokkas
  10 ball pythons
  A frilled lizard (D:3)
  3 rats (D:2)
148 creatures vanquished.

Notes
Turn   | Place    | Note
-------+----------+-------------------------------------------
     0 | D:1      | CaptainMV the Gnoll Wanderer began the quest for the Orb.
     0 | D:1      | CaptainMV set off with the following items: a +0 club, a
                  | potion of lignification, a potion of attraction, a +0 chain
                  | mail; and the following spell memorised: Beastly Appendage;
                  | and the following spells available to memorise: Spider
                  | Form.
     0 | D:1      | Reached XP level 1. HP: 13/13 MP: 4/4
   124 | D:1      | Reached XP level 2. HP: 19/19 MP: 3/5
   749 | D:2      | Reached XP level 3. HP: 23/25 MP: 4/7
   763 | D:2      | Found Weuxiyss's Assorted Antiques.
   854 | D:2      | Noticed Terence
   869 | D:2      | Killed Terence
   870 | D:2      | Reached skill level 1 in Fighting
   870 | D:2      | Reached skill level 1 in Short Blades
   870 | D:2      | Reached skill level 1 in Long Blades
   870 | D:2      | Reached skill level 1 in Axes
   870 | D:2      | Reached skill level 1 in Maces & Flails
   870 | D:2      | Reached skill level 1 in Polearms
   870 | D:2      | Reached skill level 1 in Staves
   870 | D:2      | Reached skill level 1 in Ranged Weapons
   870 | D:2      | Reached skill level 1 in Throwing
   870 | D:2      | Reached skill level 1 in Shields
   870 | D:2      | Reached skill level 1 in Unarmed Combat
   870 | D:2      | Reached skill level 1 in Invocations
   870 | D:2      | Reached skill level 1 in Evocations
   950 | D:2      | Reached XP level 4. HP: 32/32 MP: 8/8
   954 | D:2      | Noticed Jessica
   960 | D:2      | Killed Jessica
   961 | D:2      | Reached skill level 1 in Conjurations
   961 | D:2      | Reached skill level 1 in Hexes
   961 | D:2      | Reached skill level 1 in Summonings
   961 | D:2      | Reached skill level 1 in Necromancy
   961 | D:2      | Reached skill level 1 in Translocations
   961 | D:2      | Reached skill level 1 in Fire Magic
   961 | D:2      | Reached skill level 1 in Ice Magic
   961 | D:2      | Reached skill level 1 in Air Magic
   961 | D:2      | Reached skill level 1 in Earth Magic
   961 | D:2      | Reached skill level 1 in Poison Magic
  1320 | D:2      | Reached XP level 5. HP: 34/37 MP: 9/9
  1626 | D:3      | Noticed Grinder
  1638 | D:3      | Paralysed by Grinder for 5 turns
  1654 | D:3      | Killed Grinder
  1655 | D:3      | Reached XP level 6. HP: 31/44 MP: 11/11
  1777 | D:3      | Found a shimmering blue altar of Sif Muna.
  2020 | D:3      | Noticed Ijyb
  2035 | D:3      | Killed Ijyb
  2267 | D:4      | Noticed Blork the orc
  2296 | D:4      | Reached skill level 7 in Armour
  2296 | D:4      | Reached XP level 7. HP: 40/51 MP: 12/12
  2299 | D:4      | Killed Blork the orc
  2335 | D:4      | Reached skill level 5 in Stealth
  2517 | D:4      | Found a broken altar of Ashenzari.
  2531 | D:4      | Identified a scroll of acquirement
  2531 | D:4      | Acquired the ring of Vimuplaf {AC+4 Str+3 Int+3 Dex+3}
  2684 | D:5      | Entered Level 5 of the Dungeon
  2742 | D:5      | Noticed Dowan
  2742 | D:5      | Noticed Duvessa
  2755 | D:5      | Killed Duvessa
  2767 | D:5      | Killed Dowan
  2768 | D:5      | Reached XP level 8. HP: 47/58 MP: 14/14
  2996 | D:5      | Found an iron altar of Okawaru.
  3357 | D:5      | Found a staircase to the Ecumenical Temple.
  3470 | Temple   | Entered the Ecumenical Temple
  3816 | D:6      | Noticed Sigmund
  3835 | D:6      | Reached XP level 9. HP: 38/65 MP: 16/16
  3843 | D:6      | Killed Sigmund
  3844 | D:6      | Reached skill level 5 in Spellcasting
  3972 | D:6      | Reached skill level 5 in Dodging
  3988 | D:6      | Noticed Eustachio
  4005 | D:6      | Killed Eustachio
  4218 | D:6      | Learned a level 3 spell: Spider Form
  4349 | D:7      | Found a shadowy altar of Dithmenos.
  4385 | D:7      | Reached skill level 8 in Armour
  4510 | D:7      | Reached skill level 5 in Invocations
  4887 | D:7      | HP: 4/100 [vampire mosquito (6)]
  4891 | D:7      | Slain by a vampire mosquito

Illustrated notes

Levels and vault maps discovered:
D:1:      spicycebolla_arrival_xxxplode, layout_basic
D:2:      layout_basic, serial_shops, nicolae_shop_window_shopping,
          minmay_3d_cube, uniq_jessica, uniq_terence
D:3:      layout_basic, mainiacjoe_overflow_chevrons, hex_large,
          dreamdust_princess_corridor, uniq_grinder, uniq_ijyb
D:4:      layout_cave_pools, mainiacjoe_overflow_tiny_flanked,
          uniq_blork_the_orc
D:5:      layout_gridville, okawaru_gym_becter,
          minmay_temple_entry_proselytizer, uniq_duvessa
D:6:      layout_loops_ring, uniq_sigmund, uniq_eustachio
D:7:      layout_basic, nicolae_dithmenos_shadow_blocks
Temple:   nicolae_temple_slightly_damp_pantheon

Skill      XL: |  1  2  3  4  5  6  7  8  9 |
---------------+----------------------------+-----
Fighting       | 1 2 3 4 |  4.9
Short Blades   | 1 2 3 4 |  4.9
Long Blades    | 1 2 3 4 |  4.9
Axes           | 1 2 3 4 |  4.9
Maces & Flails | 1 2 3 4 |  4.9
Polearms       | 1 2 3 4 |  4.9
Staves         | 1 2 3 4 |  4.9
Ranged Weapons | 1 2 3 4 |  4.9
Throwing       | 1 2 3 4 |  4.9
Shields        | 1 2 3 4 |  4.9
Unarmed Combat | 1 2 3 4 |  4.9
Invocations    | 1 2 3 4 5 |  5.4
Evocations     | 1 2 3 4 |  4.9
Spellcasting   | 3 4 5 |  5.7
Conjurations   | 1 2 3 4 |  4.0
Hexes          | 1 2 3 4 |  4.0
Summonings     | 1 2 3 4 |  4.0
Necromancy     | 1 2 3 4 |  4.0
Translocations | 1 2 3 4 |  4.0
Fire Magic     | 1 2 3 4 |  4.0
Ice Magic      | 1 2 3 4 |  4.0
Air Magic      | 1 2 3 4 |  4.0
Earth Magic    | 1 2 3 4 |  4.0
Poison Magic   | 1 2 3 4 |  4.0
Dodging        | 3 4 5 |  5.6
Armour         | 7 8 |  8.3
Stealth        | 5 6 |  6.5
Transmutations | 6 |  6.9

Action                     |  1- 3 |  4- 6 |  7- 9 || total
---------------------------+-------+-------+-------++-------
  Melee: Unarmed           |    85 |       |     7 ||    92
         Bite              |     8 |    16 |    57 ||    81
         Kick              |    15 |     4 |    34 ||    53
         Headbutt          |    12 |     5 |    25 ||    42
         Punch             |     1 |     2 |    11 ||    14
         Dagger            |    18 |   137 |   493 ||   648
  Throw: Throwing net      |       |     2 |       ||     2
   Cast: Beastly Appendage |    14 |     4 |    11 ||    29
         Spider Form       |       |       |     1 ||     1
  Evoke: Wand              |       |       |     3 ||     3
    Use: Scroll            |     6 |     4 |     6 ||    16
         Potion            |       |       |    10 ||    10
   Stab: Held in net/web   |       |       |     1 ||     1
 Armour: Chain mail        |    79 |    51 |   296 ||   426
         Skin              |       |       |    37 ||    37
  Dodge: Dodged            |    39 |    54 |   283 ||   376
